 Dungeon Crawl Stone Soup version 0.32-a0-868-g153ae1a8d6 (webtiles) character file.

Game seed: 8509211193822508766

7922 CoreAugur the Spear-Bearer (level 11, -5/84 HPs)
             Began as a Coglin Berserker on Mar 28, 2024.
             Was a High Priest of Trog.
             Incinerated by a deep elf pyromancer (13 damage)
             ... with a pyre arrow
             ... on level 10 of the Dungeon.
             The game lasted 00:11:32 (9127 turns).

CoreAugur the Spear-Bearer (Coglin Berserker)       Turns: 9127, Time: 00:11:32

Health: -5/84      AC: 17    Str: 25    XL:     11   Next: 22%
Magic:  11/11      EV:  8    Int:  7    God:    Trog [*****.]
Gold:   647        SH:  0    Dex: 13    Spells: 10/10 levels left

rFire   . . .        z - +6 mace "Wolythapt" {vamp, Str+3}
rCold   . . .        f - +0 spear (venom) {Zorawar}
rNeg    . . .        C - +0 plate armour
rPois   .            k - +0 helmet
rElec   .            v - +1 cloak {rCorr}
rCorr   +            p - +0 pair of gloves
SInv    .            (no boots)
Will    +....        (amulet unavailable) Stlth
                     (ring unavailable)
HPRegen 0.34/turn    (ring unavailable)
MPRegen 0.12/turn    (no gizmo)

%: no passive effects
@: on fire, enlightened, flying, glowing, revved
A: off-hand wielding, slow wielding, warmup strikes, no jewellery
a: Invent Gizmo, Renounce Religion, Berserk, Trog's Hand, Brothers in Arms


You were on level 10 of the Dungeon.
You worshipped Trog.
Trog was extremely pleased with you.
You visited 2 branches of the dungeon, and saw 11 of its levels.

You collected 705 gold pieces.
You spent 58 gold pieces at shops.

Inventory:

Hand Weapons
 f - a +0 spear of venom (offhand) {Zorawar}
 z - the +6 mace "Wolythapt" (weapon) {vamp, Str+3}
   (You found it on level 6 of the Dungeon)

   Str+3:     It affects your strength (+3).
Missiles
 h - a throwing net {=f!f}
 s - a curare-tipped dart {=f}
Armour
 k - a +0 helmet (worn)
 p - a +0 pair of gloves (worn)
 v - a +1 cloak of preservation (worn)
 C - a +0 plate armour (worn)
Wands
 t - a wand of polymorph (16)
 y - a wand of mindburst (1)
 B - a wand of digging (2)
 F - a wand of roots (7)
 H - a wand of paralysis (4)
Scrolls
 c - 2 scrolls of teleportation {unknown}
 d - 2 scrolls of vulnerability {unknown}
 e - 2 scrolls of torment {unknown}
 g - 3 scrolls of amnesia
 i - 4 scrolls of enchant armour {unknown}
 r - 3 scrolls of immolation {!r!r}
 u - a scroll of poison {!r}
 x - 3 scrolls of revelation
 D - a scroll of silence {!r!r}
 E - 2 scrolls of fear {unknown}
 G - a scroll of noise {!r}
Potions
 a - 2 potions of brilliance {unknown}
 b - a potion of magic {unknown}
 j - a potion of mutation {unknown}
 l - a potion of lignification {unknown}
 m - 5 potions of enlightenment
 n - 4 potions of heal wounds {unknown}
 o - a potion of curing {unknown}
 q - a potion of invisibility {unknown}
 w - a potion of cancellation {unknown}
 A - a potion of haste {unknown}
 J - a potion of resistance {unknown}


   Skills:
 + Level 7.1 Fighting
 - Level 4.3 Long Blades
 + Level 11.5 Polearms
 + Level 6.1 Armour
 + Level 6.1 Dodging


You had 10 spell levels left.
You didn't know any spells.
Your spell library was empty.

Dungeon Overview and Level Annotations

Branches:
Dungeon (10/15)            Temple (1/1) D:6             Orc (0/2) D:9
   Lair: D:8-11

Altars:
Ashenzari
Dithmenos
Fedhas
Kikubaaqudgha
Nemelex Xobeh
Okawaru
Trog
Wu Jian
Xom
Yredelemnul
The Shining One

Shops:
D:4 =   D:8 *   D:9 ([

Annotations:
D:9 2 transporters, exclusion: ice statue, Nilihum's ghost, novice MiCA


Innate Abilities, Weirdness & Mutations

You can wield a second weapon in your off-hand.
It takes a long time for you to wield or remove held weapons.
Your first few attacks do less damage.
You cannot equip rings or amulets.


Message History

You hit the deep elf pyromancer but do no damage.
You hit the deep elf pyromancer with your +0 spear of venom.
The deep elf pyromancer is poisoned.
The deep elf pyromancer barely misses you.
You closely miss the deep elf pyromancer with the +6 mace "Wolythapt".
You hit the deep elf pyromancer with your +0 spear of venom.
The deep elf pyromancer looks as sick as possible!
The deep elf pyromancer gestures at you while chanting.
The pyre arrow hits you.
You are covered in intense liquid fire!
You barely miss the deep elf pyromancer with the +6 mace "Wolythapt".
You hit the deep elf pyromancer with your +0 spear of venom.
The deep elf pyromancer looks as sick as possible!
The liquid fire burns you!
The deep elf pyromancer hits you but does no damage.
You are too injured to fight recklessly!
You are too injured to fight recklessly!
You hit the deep elf pyromancer but do no damage.
You hit the deep elf pyromancer with your +0 spear of venom.
The deep elf pyromancer looks as sick as possible!
The liquid fire burns you!
* * * LOW HITPOINT WARNING * * *
The deep elf pyromancer mumbles some strange words.
You hit the deep elf pyromancer with the +6 mace "Wolythapt".
You feel better.
You puncture the deep elf pyromancer with your +0 spear of venom!
The deep elf pyromancer looks as sick as possible!
The liquid fire burns you!
* * * LOW HITPOINT WARNING * * *
The deep elf pyromancer barely misses you.
Unknown command.
You hit the deep elf pyromancer with the +6 mace "Wolythapt".
You feel better.
You hit the deep elf pyromancer with your +0 spear of venom.
You kill the deep elf pyromancer!
Trog accepts your kill.
Trog appreciates your killing of a magic user.
Trog will now gift you melee weapons as you gain piety.
The fire elemental disappears in a puff of smoke! x2
The liquid fire burns you!
* * * LOW HITPOINT WARNING * * *
Unknown command.
You shake off some of the fire as you move.
The liquid fire burns you!
* * * LOW HITPOINT WARNING * * *
It was a potion of enlightenment.
You feel very buoyant.
You fly up into the air.
The liquid fire burns you!
You die...

....... #...### #......
....... #.....# #......
##....####....# #......
..[#...).[....# ###....
#....######....# #....
##.............######....
#####...##..............
.....§..................
####.°.@...).#.####....#
......$.......... #(.###
###...##.##..#.#.##.....
#...#~~~#....#.###.###
#.. #~÷~#....# # #.. ##.
#~§~#..#... ###. .
#####..#... . ## #.


There were no monsters in sight!

Vanquished Creatures
  2 two-headed ogres
  A deep elf pyromancer (D:10)
  A troll (D:9)
  Grinder (D:6)
  A vampire (D:10)
  A shadow (D:9)
  A wraith (D:9)
  2 wyverns
  3 yaks (D:9)
  A steam dragon (D:7)
  3 water moccasins
  Duvessa (D:4)
  2 ice beasts
  3 sky beasts
  2 black bears
  3 orc warriors
  An ogre (D:4)
  4 centaurs
  3 phantoms
  5 bullfrogs
  A kobold brigand (D:9)
  3 scorpions
  Dowan (D:4)
  A burial acolyte (D:8)
  6 killer bees
  2 electric eels (D:10)
  3 howler monkeys
  2 bombardier beetles
  A crimson imp (D:10)
  4 jellies
  Crazy Yiuf (D:4)
  4 orc priests
  A hound (D:4)
  3 iguanas
  Natasha (thrice) (D:4)
  7 orc wizards
  3 gnolls (D:6)
  9 adders
  2 shadow imps (D:8)
  2 white imps
  2 ufetubi
  3 adder zombies (D:8)
  A ribbon worm (D:4)
  7 dart slugs
  16 orcs
  8 ball pythons
  5 bats
  9 endoplasms
  5 giant cockroaches
  2 gnoll zombies (D:8)
  A goblin (D:1)
  9 hobgoblins
  5 jackals
  10 kobolds
  3 quokkas
  A frilled lizard (D:3)
  2 kobold zombies (D:8)
  6 rats
195 creatures vanquished.

Vanquished Creatures (collateral kills)
  Harold (D:10)
1 creature vanquished.

Vanquished Creatures (others)
  An orc wizard (D:7)
1 creature vanquished.

Grand Total: 197 creatures vanquished

Notes
Turn   | Place    | Note
-------+----------+-------------------------------------------
     0 | D:1      | CoreAugur the Coglin Berserker began the quest for the Orb.
     0 | D:1      | Reached XP level 1. HP: 18/18 MP: 1/1
    24 | D:1      | You fall into a shaft and drop 1 floor!
   103 | D:2      | Reached XP level 2. HP: 20/24 MP: 2/2
   225 | D:1      | Reached XP level 3. HP: 23/29 MP: 3/3
   484 | D:1      | Reached ** piety under Trog
   792 | D:2      | Reached skill level 1 in Polearms
   865 | D:2      | Found a faded altar of an unknown god.
  1240 | D:2      | Reached XP level 4. HP: 34/35 MP: 4/4
  1680 | D:3      | Reached skill level 2 in Polearms
  2204 | D:4      | Noticed an ogre
  2212 | D:4      | Killed an ogre
  2213 | D:4      | Reached skill level 3 in Polearms
  2213 | D:4      | Reached XP level 5. HP: 31/41 MP: 5/5
  2311 | D:4      | Noticed Natasha
  2319 | D:4      | Killed Natasha
  2320 | D:4      | Reached skill level 4 in Polearms
  2320 | D:4      | Reached XP level 6. HP: 37/47 MP: 6/6
  2437 | D:4      | Noticed Duvessa
  2437 | D:4      | Noticed Dowan
  2445 | D:4      | Killed Duvessa
  2446 | D:4      | Reached skill level 5 in Polearms
  2447 | D:4      | Killed Dowan
  2453 | D:4      | Noticed Natasha
  2460 | D:4      | Killed Natasha
  2461 | D:4      | Reached XP level 7. HP: 29/52 MP: 7/7
  2480 | D:4      | Noticed Natasha
  2488 | D:4      | Killed Natasha
  2603 | D:4      | Found Kic Cug's Jewellery Shop.
  2654 | D:4      | Reached skill level 6 in Polearms
  2712 | D:4      | Reached *** piety under Trog
  2734 | D:4      | Found a runed translucent door.
  2735 | D:4      | Noticed Crazy Yiuf
  2992 | D:4      | Killed Crazy Yiuf
  3049 | D:5      | Entered Level 5 of the Dungeon
  3348 | D:4      | Reached skill level 7 in Polearms
  3564 | D:5      | Reached XP level 8. HP: 48/58 MP: 8/8
  3854 | D:5      | Reached skill level 8 in Polearms
  4235 | D:6      | Found a staircase to the Ecumenical Temple.
  4236 | D:6      | Found a shadowy altar of Dithmenos.
  4267 | D:6      | Identified the +6 mace "Wolythapt" {vamp, Str+3}
  4325 | D:6      | Reached skill level 9 in Polearms
  4581 | D:6      | Reached XP level 9. HP: 59/63 MP: 9/9
  4629 | D:6      | Reached skill level 10 in Polearms
  4892 | D:6      | Noticed Grinder
  4897 | D:6      | Killed Grinder
  5232 | Temple   | Entered the Ecumenical Temple
  5232 | Temple   | Noticed a red devil
  5233 | Temple   | Noticed Hebymos the pandemonium lord
  5234 | Temple   | Noticed Lasyr the pandemonium lord
  5603 | D:7      | Reached skill level 3 in Armour
  5603 | D:7      | Reached skill level 3 in Dodging
  6289 | D:8      | Identified the +2 robe "Guzxups" {MP+9}
  6471 | D:8      | Reached XP level 10. HP: 68/73 MP: 10/10
  6480 | D:8      | Reached **** piety under Trog
  6481 | D:8      | Found an ancient bone altar of Kikubaaqudgha.
  6614 | D:8      | Found a sparkling altar of Nemelex Xobeh.
  6907 | D:8      | Found Sohelooz's Assorted Antiques.
  6912 | D:8      | Bought a green potion for 18 gold pieces
  6912 | D:8      | Bought a scroll labelled TOR GIACLYO for 20 gold pieces
  6912 | D:8      | Bought a scroll labelled VOCRAO LECSY for 20 gold pieces
  6942 | D:8      | Noticed a two-headed ogre
  6950 | D:8      | Killed a two-headed ogre
  7168 | D:9      | Found a basalt altar of Yredelemnul.
  7168 | D:9      | Found a blossoming altar of Fedhas.
  7344 | D:9      | Noticed a white ugly thing
  7344 | D:9      | Noticed Nilihum's ghost (novice MiCA)
  7370 | D:9      | Found a transporter.
  7422 | D:9      | Reached skill level 11 in Polearms
  7541 | D:9      | Found Xeasuste's Armour Boutique.
  7552 | D:9      | Found a staircase to the Orcish Mines.
  7552 | D:9      | Found Hufouc Gegesh's Weapon Boutique.
  7561 | D:9      | Reached skill level 6 in Fighting
  7816 | D:9      | Noticed an ice statue
  7831 | D:9      | Found a transporter.
  8461 | D:10     | Entered Level 10 of the Dungeon
  8899 | D:10     | Noticed a two-headed ogre
  8904 | D:10     | Noticed Harold
  8911 | D:10     | Killed a two-headed ogre
  8912 | D:10     | Reached XP level 11. HP: 39/83 MP: 11/11
  8923 | D:10     | Killed Harold
  8924 | D:10     | Reached skill level 6 in Armour
  8924 | D:10     | Reached skill level 6 in Dodging
  8983 | D:10     | Noticed a deep elf pyromancer
  9125 | D:10     | Killed a deep elf pyromancer
  9125 | D:10     | Reached ***** piety under Trog
  9127 | D:10     | Incinerated by a deep elf pyromancer

Illustrated notes

Levels and vault maps discovered:
D:1:      lemuel_arrival_muddy, layout_rooms, nrook_mini_backslash,
          supply_closet_lemuel, minmay_worlds_worst_comb
D:2:      layout_basic, dilly_ecumenical_altar_fadedgnrine
D:3:      layout_rooms
D:4:      layout_cave_pools, minmay_shop_grid_forest, uniq_duvessa,
          uniq_crazy_yiuf_cottage, uniq_natasha
D:5:      layout_loops_cross
D:6:      layout_gridville, overflow_temple_1_default,
          minmay_temple_entry_purple_smoke, uniq_grinder
D:7:      layout_loops_ring, minmay_a_box_with_orc_wizards_in_it
D:8:      layout_loops_ring, regret_index_kikubaaqudgha_part_by_part,
          nemelex_spade_bored_becter, serial_shops,
          nicolae_shop_pleasant_corner_grove, minmay_misc_feat_diagonals,
          eino_tiny_chamber
D:9:      cheibrodos_frozen_isle, layout_loops_cross,
          chequers_temple_overflow_statue_of_worship, orc_david_3,
          gammafunk_ghost_arena
D:10:     layout_basic, nicolae_overflows_in_rows, serial_shops, shop,
          hangedman_stone_soup, uniq_harold
Temple:   nicolae_temple_panitentiary

Skill      XL: |  1  2  3  4  5  6  7  8  9 10 11 |
---------------+----------------------------------+-----
Long Blades    | 4 |  4.3
Polearms       | 1 3 4 5 7 9 10 11 | 11.5
Armour         | 3 5 6 |  6.1
Dodging        | 3 5 6 |  6.1
Fighting       | 4 6 7 |  7.1

Action                     |  1- 3 |  4- 6 |  7- 9 | 10-12 || total
---------------------------+-------+-------+-------+-------++-------
  Melee: Falchion          |    60 |    57 |   113 |       ||   230
         Dagger            |     8 |       |       |       ||     8
         Spear             |    70 |    68 |   265 |   152 ||   555
         Mace              |       |       |   129 |   126 ||   255
 Invoke: Berserk           |       |     2 |       |       ||     2
  Evoke: Wand              |       |       |     1 |    16 ||    17
    Use: Scroll            |       |       |     6 |     2 ||     8
         Potion            |       |       |       |     1 ||     1
   Stab: Sleeping          |     6 |       |       |       ||     6
         Distracted        |     2 |       |       |       ||     2
 Armour: Animal skin       |    20 |    11 |       |       ||    31
         Scale mail        |       |    20 |   147 |       ||   167
         Plate armour      |       |       |    82 |   181 ||   263
  Dodge: Dodged            |    36 |    28 |   116 |    66 ||   246

Table legend: (Time is in decaauts)
 A = Elapsed time spent in this place.
 B = Non-inter-level travel time spent in this place.
 C = Inter-level travel time spent in this place.
 D = Time resting spent in this place.
 E = Time spent auto-exploring this place.
 F = Levels seen in this place.
 G = Mean time per level.
                   A        B        C        D        E       F      G
               +--------+--------+--------+--------+--------+-----+--------+
         Total |   9159 |   8689 |    470 |   1539 |   5832 |  11 |  832.6 |
       Dungeon |   9158 |   8688 |    470 |   1539 |   5832 |  10 |  915.8 |
        Temple |      1 |      1 |      0 |      0 |      0 |   1 |    1.0 |
               +--------+--------+--------+--------+--------+-----+--------+

Top non-repeatable levels by time:
     D:9: 1293 daAuts
     D:8: 1163 daAuts
     D:2: 1076 daAuts
     D:4: 1060 daAuts
     D:6: 1014 daAuts
     D:7: 865 daAuts
     D:5: 821 daAuts
     D:3: 732 daAuts
    D:10: 566 daAuts
     D:1: 563 daAuts
  Temple: 1 daAuts
